 Dungeon Crawl Stone Soup version 0.29.0-11-gd7f09526c8 (webtiles) character file.

Game seed: 9511177601090714554

92127 inmateoo the Cruncher (level 15, -3/120 HPs)
             Began as a Demonspawn Gladiator on Sept 4, 2022.
             Was an Initiate of Gozag.
             Slain by a wolf spider (16 damage)
             ... on level 5 of the Lair of Beasts.
             The game lasted 00:34:24 (24681 turns).

inmateoo the Cruncher (Demonspawn Gladiator)       Turns: 24681, Time: 00:34:25

Health: -3/120     AC: 17    Str: 16    XL:     15   Next: 57%
Magic:  39/39      EV: 28    Int:  9    God:    Gozag
Gold:   4713       SH:  0    Dex: 23    Spells: 23/36 levels left

rFire   + . .      SeeInvis .   l - +4 quarterstaff (drain)
rCold   + . .      Faith    .   (shield currently unavailable)
rNeg    . . .      Spirit   .   S - +2 leather armour {rF+}
rPois   .          Reflect  .   c - +1 helmet
rElec   .          Harm     .   g - +1 cloak of Starlight {*Dazzle EV+4 Stlth--}
rCorr   +          Rampage  .   (gloves unavailable)
Will    +....                   F - +0 pair of boots
Stlth   +.........              V - amulet of the acrobat
HPRegen 0.30/turn               a - ring "Banucaq" {rC+ rCorr MP+9 Dex+2}
MPRegen 0.26/turn               n - +4 ring of evasion

@: sanguine armoured
A: foul stench 2, sanguine armour 1, demonic magic 3, demonic touch 3
a: Renounce Religion, Potion Petition, Call Merchant, Bribe Branch


You were on level 5 of the Lair of Beasts.
You worshipped Gozag.
Gozag was most pleased with you.
You visited 3 branches of the dungeon, and saw 20 of its levels.
You also visited: Sewer.

You collected 5625 gold pieces.
You spent 826 gold pieces at shops.
You paid 86 gold pieces to Gozag.

Inventory:

Hand Weapons
 l - a +4 quarterstaff of draining (weapon)
Missiles
 d - 5 throwing nets (quivered)
 e - a javelin
 v - 44 poisoned darts
 w - 4 curare-tipped darts
Armour
 c - a +1 helmet (worn)
 g - the +1 cloak of Starlight (worn) {*Dazzle EV+4 Stlth--}
   (You acquired it on level 6 of the Dungeon)

   It may blind those who miss an attack against the wearer in melee combat.
   EV:        It affects your evasion (+4).
   Stlth:     It makes you much less stealthy.
 F - a +0 pair of boots (worn)
 S - a +2 leather armour of fire resistance (worn)
Jewellery
 a - the ring "Banucaq" (left hand) {rC+ rCorr MP+9 Dex+2}
   (You acquired it on level 1 of the Lair of Beasts)

   [ring of protection from cold]

   Dex:       It affects your dexterity (+2).
   rC:        It protects you from cold.
   MP:        It affects your magic capacity (+9).
   rCorr:     It protects you from acid and corrosion.
 b - a +4 ring of protection
 n - a +4 ring of evasion (right hand)
 H - a ring of poison resistance
 J - a ring of ice
 V - an amulet of the acrobat (around neck)
Wands
 u - a wand of roots (11)
 B - a wand of flame (33)
 C - a wand of mindburst (16)
 G - a wand of polymorph (5)
 I - a wand of charming (23)
Scrolls
 f - 4 scrolls of magic mapping
 j - 8 scrolls of teleportation
 k - 2 scrolls of enchant weapon
 p - 3 scrolls of silence
 y - 3 scrolls of brand weapon
 A - a scroll of fog
 D - 2 scrolls of amnesia
 E - 3 scrolls of fear
 M - 5 scrolls of poison
 O - 4 scrolls of blinking
 P - a scroll of enchant armour
Potions
 h - 4 potions of invisibility
 i - a potion of might
 m - 2 potions of flight
 r - a potion of magic
 s - 3 potions of curing
 t - a potion of cancellation
 x - 6 potions of brilliance
 z - 7 potions of haste
 K - a potion of lignification
 L - 3 potions of mutation
 Q - 2 potions of ambrosia
 T - a potion of resistance
Miscellaneous
 R - a condenser vane (inert)


   Skills:
 - Level 12.0 Fighting
 - Level 13.0 Staves
 - Level 2.0 Throwing
 - Level 5.0 Armour
 - Level 10.0 Dodging
 - Level 4.0 Stealth
 + Level 11.0 Spellcasting
 + Level 10.4 Fire Magic
 - Level 5.0 Earth Magic
 - Level 4.0 Evocations


You had 23 spell levels left.
You knew the following spells:

 Your Spells              Type           Power      Damage    Failure   Level
a - Ignition              Fire           11%        3d5       100%        8
b - Borgnjor's Vile Clut  Necr/Erth      4%         N/A       83%         5

Your spell library contained the following spells:

 Spells                   Type           Power      Damage    Failure   Level
 Sandblast                Erth           26%        2d8       1%          1
 Scorch                   Fire           46%        2d7       1%          2
 Passwall                 Tmut/Erth      7%         N/A       9%          2
 Apportation              Tloc           8%         N/A       16%         1
 Necrotise                Necr           16%        1d4       16%         1
 Summon Small Mammal      Summ           16%        N/A       16%         1
 Stone Arrow              Conj/Erth      18%        3d8       17%         3
 Flame Wave               Conj/Fire      14%        2d6       19%         4
 Blink                    Tloc           8%         N/A       24%         2
 Ozocubu's Armour         Ice            4%         N/A       43%         3
 Spider Form              Tmut/Pois      4%         N/A       43%         3
 Animate Armour           Summ/Erth      18%        N/A       50%         4
 Leda's Liquefaction      Hex/Erth       4%         N/A       50%         4
 Olgreb's Toxic Radiance  Pois           4%         N/A       83%         4
 Alistair's Intoxication  Tmut/Pois      2%         N/A       99%         5
 Manifold Assault         Tloc           4%         N/A       99%         5
 Metabolic Englaciation   Hex/Ice        2%         N/A       99%         5
 Eringya's Noxious Bog    Tmut/Pois      2%         N/A       100%        6
 Summon Cactus Giant      Summ           2%         N/A       100%        6
 Ozocubu's Refrigeration  Ice            2%         4d7       100%        7
 Storm Form               Tmut/Air       2%         N/A       100%        7
 Lehudib's Crystal Spear  Conj/Erth      4%         10d3      100%        8
 Simulacrum               Ice/Necr       Unusable   N/A       N/A         6

Dungeon Overview and Level Annotations

Branches:
Dungeon (14/15)            Temple (1/1) D:4            Lair (5/5) D:10
 Shoals (0/4) Lair:3        Snake (0/4) Lair:3        Slime (0/5) Lair:4
    Orc (0/2) D:12         Vaults (0/5) D:13          Sewer (visited)

Altars:
Ashenzari
Cheibriados
Dithmenos
Fedhas
Gozag
Hepliaklqana
Kikubaaqudgha
Makhleb
Nemelex Xobeh
Okawaru
Qazlal
Ru
Sif Muna
Trog
Uskayaw
Vehumet
Wu Jian
Xom
Yredelemnul
Jiyva

Shops:
D:4 *   D:8 *?:??

Portals:
Trove: D:11 (give 2 scrolls of acquirement)

Annotations:
Lair:3 exclusion: ice statue
Lair:5 exclusion: 3 oklob plants


Innate Abilities, Weirdness & Mutations

You sometimes emit foul miasma when damaged in melee.
When seriously injured, your blood forms armour. (AC +6)
Spells you cast and wands you use may paralyse nearby enemies.
Your touch may irresistibly damage your foes and sap their willpower.


Message History

You feel extremely sick.
The guardian serpent coils itself and waves its upper body at you.
The cane toad blinks!
The cane toad misses you.
The cane toad is temporarily struck blind!
You bludgeon the cane toad!!
The cane toad is heavily wounded.
You feel very sick.
The cane toad stings you but does no damage.
The cane toad completely misses you.
You hit the cane toad.
The cane toad is severely wounded.
You feel very sick.
You hit the cane toad but do no damage.
The cane toad is severely wounded.
You feel very sick. The cane toad completely misses you.
The cane toad is blinded by the light from your cloak!
The cane toad closely misses you.
The guardian serpent coils itself and waves its upper body at you.
The wolf spider blinks!
You hit the cane toad.
The cane toad is severely wounded.
You feel very sick. The wolf spider misses you.
The wolf spider is temporarily struck blind!
The wolf spider bites you!
* * * LOW HITPOINT WARNING * * *
You are more poisoned.
The wolf spider poisons you!
You emit a cloud of foul miasma!
The cane toad completely misses you. The cane toad stings you.
* * * LOW HITPOINT WARNING * * *
You are more poisoned.
The cane toad poisons you!
Unknown command.
You feel better.
The wolf spider is engulfed in dark miasma.
The wolf spider is poisoned.
The wolf spider seems to slow down.
The wolf spider hits you!
You die...
Your body crumbles into a pile of gold.

.....###..##....##......##....##.
....###...###....#......#....###.
#....#......##...##....##...##..P
..#..........##...#....#...##...P
###...........##..##..##..##.....
##...........##!.#..#).##......
####.....###....##.####.##.....##
#.#.....## ###.Fs#$.#####....###.
#.......#$$ ###@FSĀ§..##...###...
#.....### $$ ####....#.###....P
......# .....S...P.###.......
...#### $......P.PP.###.......
...## $...####....#.###....P
....## $ .###..##..##...###...
.....##### ###...#######.....###.
.........###....##.####..#.....##
...............##..#..#[.##......


You could see a wolf spider (blind, poisoned, slow), a guardian serpent and 2
cane toads.

Vanquished Creatures
  Rupert (D:13)
  Kirke (D:12)
  Frances (D:13)
  Azrael (D:12)
  5 hydras
  A vault guard (D:13)
  Harold (Lair:1)
  A catoblepas (D:12)
  3 two-headed ogres
  3 centaur warriors
  A tengu warrior (D:13)
  13 death yaks
  3 skeletal warriors (D:11)
  A lindwurm (Lair:2)
  4 cyclopes
  2 deep elf pyromancers
  An oklob plant (D:10)
  3 manticores
  4 ugly things
  11 black mambas
  18 elephants
  An elephant (shapeshifter) (D:12)
  16 cane toads
  A torpor snail (Lair:5)
  2 gargoyles (D:13)
  Psyche (D:10)
  An unseen horror (D:13)
  2 ice devils (Lair:3)
  6 rime drakes
  7 komodo dragons
  3 tengu conjurers (D:12)
  An efreet (D:12)
  A wind drake (Lair:3)
  2 trolls
  5 polar bears
  Grinder (D:5)
  5 hornets
  8 slime creatures
  4 dream sheep (Lair:4)
  7 blink frogs
  A centaur simulacrum (D:11)
  53 yaks
  A shadow (D:12)
  17 wyverns
  2 wraiths
  A basilisk (Lair:5)
  3 fire elementals (D:12)
  Eustachio (D:5)
  18 vampire mosquitoes
  2 acid dragons
  28 water moccasins
  5 hell hounds (D:12)
  A sky beast (D:7)
  4 black bears
  3 orc warriors
  3 ogres
  4 ice beasts
  15 wolves
  5 centaurs
  4 kobold brigands
  A phantom (D:5)
  11 bullfrogs
  A necrophage (D:5)
  A two-headed ogre simulacrum (Lair:3)
  A gnoll sergeant (D:7)
  14 wights
  9 killer bees
  An electric eel (D:11)
  7 howler monkeys
  7 orc priests
  3 hounds
  4 jellies
  Crazy Yiuf (D:5)
  18 orc wizards
  Jessica (D:2)
  A gnoll bouda (D:5)
  3 iguanas
  Ijyb (D:3)
  A polar bear simulacrum (Lair:3)
  A troll simulacrum (Lair:3)
  A boggart simulacrum (D:11)
  7 adders
  15 gnolls
  A river rat (D:6)
  A shadow imp (D:8)
  9 white imps
  4 ufetubi
  2 worms
  3 dart slugs
  59 orcs
  6 bats
  4 endoplasms
  9 giant cockroaches
  10 hobgoblins
  2 jackals (D:3)
  18 kobolds
  5 quokkas
  10 ball pythons
  2 frilled lizards
  7 goblins
  9 rats
595 creatures vanquished.

Vanquished Creatures (collateral kills)
  A skeletal warrior (D:12)
1 creature vanquished.

Vanquished Creatures (others)
  A boulder beetle (D:13)
  A human (D:13)
  A vampire mosquito (D:13)
  A howler monkey (D:13)
  23 fungi
  71 plants
98 creatures vanquished.

Grand Total: 694 creatures vanquished

Notes
Turn   | Place    | Note
-------+----------+-------------------------------------------
     0 | D:1      | inmateoo the Demonspawn Gladiator began the quest for the
                  | Orb.
     0 | D:1      | Reached XP level 1. HP: 16/16 MP: 1/1
   222 | D:1      | Gained mutation: Your touch may inflict minor irresistible
                  | damage on your foes. [demonic ancestry]
   222 | D:1      | Reached XP level 2. HP: 19/22 MP: 2/2
   425 | D:1      | Reached skill level 3 in Staves
   736 | D:1      | Reached XP level 3. HP: 19/27 MP: 3/3
  1067 | D:2      | Found a blossoming altar of Fedhas.
  1093 | D:2      | Reached skill level 1 in Armour
  1197 | D:2      | Reached skill level 1 in Stealth
  1255 | D:2      | Noticed Jessica
  1269 | D:2      | Killed Jessica
  1270 | D:2      | Reached XP level 4. HP: 26/34 MP: 4/4
  1864 | D:3      | Gained mutation: When seriously injured, your blood forms
                  | armour. (AC +6) [demonic ancestry]
  1864 | D:3      | Reached XP level 5. HP: 39/39 MP: 5/5
  1881 | D:3      | You fall into a shaft and drop 3 floors!
  1918 | D:6      | Noticed a black bear
  1935 | D:6      | Killed a black bear
  1936 | D:6      | Reached skill level 4 in Staves
  1944 | D:6      | Noticed an ogre
  1965 | D:6      | Killed an ogre
  1966 | D:6      | Gained mutation: Your touch may inflict irresistible damage
                  | on your foes. [demonic ancestry]
  1966 | D:6      | Reached XP level 6. HP: 46/47 MP: 6/6
  2105 | D:6      | Found a glowing drain.
  2110 | Sewer    | Entered a sewer
  2233 | Sewer    | Gained mutation: You may rarely emit foul miasma when
                  | damaged in melee. [demonic ancestry]
  2233 | Sewer    | Reached XP level 7. HP: 12/52 MP: 7/7
  2634 | Sewer    | Reached skill level 5 in Staves
  3078 | D:6      | Found a burning altar of Makhleb.
  4135 | D:6      | Reached XP level 8. HP: 60/60 MP: 8/8
  4304 | D:6      | Identified a scroll of acquirement
  4304 | D:6      | Acquired the +1 cloak of Starlight {*Dazzle EV+4 Stlth--}
  4304 | D:6      | Found the +1 cloak of Starlight {*Dazzle EV+4 Stlth--}
  4329 | D:5      | Entered Level 5 of the Dungeon
  4373 | D:5      | Noticed Grinder
  4431 | D:5      | Paralysed by Grinder for 3 turns
  4434 | D:5      | Killed Grinder
  4435 | D:5      | Reached skill level 6 in Staves
  4707 | D:5      | Noticed Eustachio
  4720 | D:5      | Killed Eustachio
  4721 | D:5      | Reached skill level 5 in Fighting
  4721 | D:5      | Reached skill level 5 in Dodging
  4978 | D:5      | Found a runed translucent door.
  4979 | D:5      | Noticed Crazy Yiuf
  5191 | D:5      | Killed Crazy Yiuf
  5192 | D:5      | Reached skill level 7 in Staves
  5266 | D:4      | Gained mutation: Spells you cast may paralyse adjacent
                  | enemies. [demonic ancestry]
  5266 | D:4      | Reached XP level 9. HP: 68/68 MP: 9/9
  5288 | D:4      | Found a hazy altar of Hepliaklqana.
  5480 | D:4      | Found a staircase to the Ecumenical Temple.
  5497 | Temple   | Entered the Ecumenical Temple
  5569 | D:4      | Found a shimmering blue altar of Sif Muna.
  5574 | D:4      | Found an ancient bone altar of Kikubaaqudgha.
  5575 | D:4      | Found a radiant altar of Vehumet.
  5587 | D:4      | Got Sif Muna's Compendium of Allies
  5649 | D:4      | Found Gozag's Platinum Reserve.
  5649 | D:4      | Found an opulent altar of Gozag.
  5758 | D:4      | Found an iron altar of Okawaru.
  5758 | D:4      | Found an ornate altar of the Wu Jian Council.
  5837 | D:4      | Became a worshipper of Gozag Ym Sagoz the Greedy
  5926 | D:4      | Found a snail-covered altar of Cheibriados.
  6227 | D:3      | Found a faded altar of an unknown god.
  6549 | D:3      | Noticed Ijyb
  6566 | D:3      | Killed Ijyb
  6882 | D:7      | Reached skill level 5 in Armour
  7115 | D:7      | Reached skill level 8 in Staves
  7406 | D:6      | Reached skill level 9 in Staves
  7559 | D:7      | Found a sacrificial altar of Ru.
  7968 | D:7      | Gained mutation: You sometimes emit foul miasma when
                  | damaged in melee. [demonic ancestry]
  7968 | D:7      | Reached XP level 10. HP: 67/77 MP: 10/10
  8112 | D:8      | Found a hide-covered altar of Uskayaw.
  8121 | D:8      | Found Minliur's Book Emporium.
  8179 | D:8      | Found a bloodstained altar of Trog.
  8453 | D:8      | Found Jih Arez's Assorted Antiques.
  8462 | D:8      | Bought a scroll of identify for 62 gold pieces
  8462 | D:8      | Bought a scroll of magic mapping for 232 gold pieces
  8462 | D:8      | Bought a scroll of brand weapon for 294 gold pieces
  8466 | D:8      | Found Plog's Magic Scroll Shop.
  8508 | D:8      | Reached skill level 10 in Staves
  8513 | D:8      | Reached skill level 1 in Evocations
  8536 | D:8      | Found Essaref's Magic Scroll Boutique.
  8539 | D:8      | Found Yfuin's Magic Scroll Boutique.
  8544 | D:8      | Bought a scroll of blinking for 105 gold pieces
  8544 | D:8      | Bought a scroll of enchant armour for 105 gold pieces
  8544 | D:8      | Bought a scroll of identify for 28 gold pieces
  8556 | D:8      | Found a blossoming altar of Fedhas.
  8557 | D:8      | Found a sparkling altar of Nemelex Xobeh.
  8570 | D:8      | Reached skill level 1 in Spellcasting
  8579 | D:8      | Found a broken altar of Ashenzari.
  9492 | D:9      | Gained mutation: Spells you cast may paralyse nearby
                  | enemies. [demonic ancestry]
  9492 | D:9      | Reached XP level 11. HP: 72/86 MP: 15/15
  9794 | D:10     | Entered Level 10 of the Dungeon
  9868 | D:10     | Found a staircase to the Lair.
  9871 | D:10     | Noticed an oklob plant
 10181 | D:10     | Noticed Psyche
 10188 | D:10     | Killed Psyche
 10314 | D:10     | Learned a level 8 spell: Ignition
 10419 | D:10     | Reached skill level 1 in Fire Magic
 11124 | D:10     | Killed an oklob plant
 11782 | D:11     | Noticed a two-headed ogre
 11794 | D:11     | Killed a two-headed ogre
 11795 | D:11     | Reached skill level 11 in Staves
 11833 | D:11     | Noticed a skeletal warrior
 11876 | D:11     | HP: 4/87 [skeletal warrior/+0 battleaxe (22)]
 11886 | D:11     | Killed a skeletal warrior
 12224 | D:11     | Noticed a skeletal warrior
 12224 | D:11     | Noticed a skeletal warrior
 12244 | D:11     | Killed a skeletal warrior
 12264 | D:11     | Killed a skeletal warrior
 12535 | D:11     | Found a portal to a secret trove of treasure.
 12706 | D:11     | Reached skill level 5 in Spellcasting
 13046 | D:12     | Noticed a red ugly thing
 13055 | D:12     | Killed a red ugly thing
 13056 | D:12     | Reached XP level 12. HP: 95/95 MP: 19/19
 13093 | D:12     | Noticed Azrael
 13100 | D:12     | Killed Azrael
 13382 | D:12     | Reached skill level 10 in Fighting
 13382 | D:12     | Reached skill level 5 in Fire Magic
 13382 | D:12     | Gained mutation: Your touch may irresistibly damage your
                  | foes and sap their willpower. [demonic ancestry]
 13382 | D:12     | Reached XP level 13. HP: 103/103 MP: 20/22
 13660 | D:12     | Learned a level 5 spell: Borgnjor's Vile Clutch
 13735 | D:12     | Found a staircase to the Orcish Mines.
 13981 | D:12     | Reached skill level 12 in Staves
 14250 | D:12     | Reached skill level 1 in Earth Magic
 14458 | D:13     | Noticed Sonja
 14459 | D:13     | Noticed Sonja
 14459 | D:13     | Sonja changed into Sonja the blink frog
 14467 | D:13     | Killed Sonja the blink frog
 15731 | D:13     | Noticed Kirke
 15765 | D:12     | Killed Kirke
 16447 | D:13     | Noticed Rupert
 16452 | D:13     | Noticed Frances
 16472 | D:13     | Killed Frances
 16480 | D:13     | Killed Rupert
 16618 | D:13     | Gained mutation: Spells you cast and wands you use may
                  | paralyse nearby enemies. [demonic ancestry]
 16618 | D:13     | Reached XP level 14. HP: 103/111 MP: 25/25
 17215 | D:13     | Found a gate to the Vaults.
 17525 | Lair:1   | Entered Level 1 of the Lair of Beasts
 17697 | Lair:1   | Got Hosem Zie's Folio of the Petrified Figure
 17797 | Lair:1   | Acquired the ring "Banucaq" {rC+ rCorr MP+9 Dex+2}
 17870 | Lair:1   | Noticed Harold
 17880 | Lair:1   | Killed Harold
 19530 | Lair:3   | Found a staircase to the Snake Pit.
 19758 | Lair:3   | Found a staircase to the Shoals.
 20315 | Lair:3   | Reached skill level 5 in Earth Magic
 20825 | Lair:3   | Reached skill level 13 in Staves
 20825 | Lair:3   | Reached skill level 10 in Dodging
 21672 | Lair:4   | Found a viscous altar of Jiyva.
 21673 | Lair:4   | Found a staircase to the Slime Pits.
 22946 | Lair:5   | Entered Level 5 of the Lair of Beasts
 22967 | Lair:5   | Reached XP level 15. HP: 115/120 MP: 28/28
 23469 | Lair:5   | Reached skill level 10 in Spellcasting
 23976 | Lair:5   | Reached skill level 10 in Fire Magic
 24681 | Lair:5   | Slain by a wolf spider

Illustrated notes

Levels and vault maps discovered:
D:1:      dpeg_arrival_windows_large_door, layout_basic
D:2:      layout_basic, basic_altar, uniq_jessica
D:3:      layout_basic, hellmonk_ecumenical_altar_prayer_group, uniq_ijyb
D:4:      layout_rooms, grunt_temple_overflow_magic_moments,
          nicolae_gozag_zags_fifth_avenue, gammafunk_temple_overflow_pools,
          nicolae_hepliaklqana_hazy_memory, old_standard_altar,
          minmay_temple_entry_crystal_x, serial_glass, glass_columns_a,
          glass_columns_a
D:5:      layout_rooms, minmay_a_box_with_orc_wizards_in_it, uniq_grinder,
          uniq_eustachio, uniq_crazy_yiuf_cottage
D:6:      layout_basic, mainiacjoe_overflow_boulevard, portal_sewer_entry_e
D:7:      layout_cave_pools, nicolae_ru_path_of_blood
D:8:      layout_rooms, chequers_temple_overflow_statue_of_worship,
          amcnicky_altar_gilded, mainiacjoe_overflow_paths,
          nicolae_overflow_crystal_walls, serial_shops, shop, shop,
          nicolae_shop_temple_entry_statues_fountains, nicolae_take_the_stairs,
          nicolae_shop_statue_plus, minivault_27
D:9:      layout_rooms
D:10:     layout_roguey, elyvilon_altar_1, dpeg_oklobed_lair, uniq_psyche
D:11:     layout_loops_ring, serial_ice, serial_ice_a, serial_ice_k,
          serial_ice_f, serial_ice_e, serial_ice_o,
          nicolae_trove_entry_free_sample, grunt_ministairs_7
D:12:     layout_rooms, hiddenorc1_lemuel, grunt_ministairs_1,
          kennysheep_pointless_box, uniq_azrael
D:13:     minmay_s_stair_smasher, layout_irregular_city, david_vaults_5,
          chequers_hall_statues_wall_a, kennysheep_another_room, uniq_rupert,
          uniq_frances, uniq_kirke, uniq_sonja
D:14:     layout_rooms, nicolae_qazlal_general_emergency,
          hangedman_abyss_or_decor_lesser_grid, uniq_snorg
Temple:   hellmonk_temple_two_chambers
Lair:1:   layout_roguey, uniq_harold
Lair:2:   layout_gridlike, hangedman_lair_generics_rect
Lair:3:   dreamdust_isle_of_ice, layout_long_grid, minmay_shoals_entry_beasts,
          minmay_snake_entry_six_corridors
Lair:4:   layout_cave_pods, slime_entry_1
Lair:5:   hangedman_lair_tendril_chambers, layout_concentric_octagons,
          dpeg_oklob_1

Skill      XL: |  1  2  3  4  5  6  7  8  9 10 11 12 13 14 15 |
---------------+----------------------------------------------+-----
Staves         | 3 4 5 7 9 10 11 12 13 | 13.0
Throwing       | 2 |  2.0
Armour         | 1 2 3 4 5 |  5.0
Dodging        | 3 4 5 6 7 8 9 10 | 10.0
Stealth        | 1 2 3 4 |  4.0
Fighting       | 3 4 5 6 7 9 10 12 | 12.0
Evocations     | 3 4 |  4.0
Spellcasting   | 3 5 6 7 9 11 | 11.0
Fire Magic     | 3 5 6 8 10 | 10.4
Earth Magic    | 3 5 |  5.0

Action                   |  1- 3 |  4- 6 |  7- 9 | 10-12 | 13-15 || total
-------------------------+-------+-------+-------+-------+-------++-------
Melee: Quarterstaff      |   110 |   145 |   456 |   604 |  1501 ||  2816
       Halberd           |       |       |    23 |       |       ||    23
Throw: Throwing net      |       |     5 |       |     3 |     1 ||     9
       Dart              |       |       |     3 |    14 |    11 ||    28
Evoke: Condenser vane    |       |       |       |     2 |     2 ||     4
       Wand              |       |       |       |    12 |     9 ||    21
  Use: Scroll            |       |     1 |    19 |    10 |     6 ||    36
       Potion            |       |       |       |     4 |     5 ||     9
 Stab: Sleeping          |     2 |     2 |     3 |       |       ||     7
       Held in net/web   |       |     1 |       |     2 |       ||     3
       Invisible         |       |       |    24 |    19 |   137 ||   180
       Distracted        |       |       |     1 |     2 |    12 ||    15
       Paralysed         |       |       |       |       |     3 ||     3
Armor: Leather armour    |    23 |    55 |   169 |    94 |   210 ||   551
Dodge: Dodged            |    66 |    86 |   394 |   519 |  1608 ||  2673
